 Dungeon Crawl Stone Soup version 0.31-a0-358-gac0dbeb3ab (webtiles) character file.

Game seed: 14849702770944424413

333 Bnni the Changeling (level 6, -2/42 HPs)
             Began as an Octopode Shapeshifter on July 25, 2023.
             Was an Initiate of Gozag.
             Killed by divine providence
             ... invoked by an orc priest
              (15 damage)
             ... on level 5 of the Dungeon.
             The game lasted 00:06:31 (2877 turns).

Bnni the Changeling (Octopode Shapeshifter)         Turns: 2877, Time: 00:06:32

Health: -2/42      AC:  1    Str: 15    XL:     6   Next: 52%
Magic:  6/6        EV: 18    Int: 15    God:    Gozag
Gold:   86         SH:  0    Dex: 14    Spells: 5/5 levels left

rFire   . . .        j - +7 quarterstaff of the Hills {flame, Contam rCorr Int+5}
rCold   . . .        (shield currently unavailable)
rNeg    + . .        (helmet currently unavailable)
rPois   .            (no amulet)
rElec   .            e - ring of positive energy
rCorr   +            k - +5 ring of evasion
SInv    .            (no ring)
Will    .....        (no ring)
Stlth   ++           (no ring)
HPRegen 0.27/turn    (no ring)
MPRegen 0.10/turn    (no ring)
                     (no ring)

%: no passive effects
@: beast-form, gold aura
A: beast (slay +3), almost no armour, amphibious, 8 rings, camouflage 1,
gelatinous body 1, (nimble swimmer 1), tentacles
a: Begin Untransformation, Renounce Religion, Potion Petition, Call Merchant,
Bribe Branch


You were on level 5 of the Dungeon.
You worshipped Gozag.
Gozag was noncommittal.
You were a hulking beast.
You visited 2 branches of the dungeon, and saw 6 of its levels.

You collected 115 gold pieces.
You paid 29 gold pieces to Gozag.

Inventory:

Hand Weapons
 j - the +7 quarterstaff of the Hills (weapon) {flame, Contam rCorr Int+5}
   (You found it on level 2 of the Dungeon)

   Int:       It affects your intelligence (+5).
   Contam:    It causes magical contamination when unequipped.
   rCorr:     It protects you from acid and corrosion.
Missiles
 n - a throwing net
Jewellery
 e - a ring of positive energy (left tentacle)
 k - a +5 ring of evasion (right tentacle)
Talismans
 b - a beast talisman
 f - a maw talisman
Scrolls
 c - 3 scrolls of teleportation
 g - a scroll of blinking {unknown}
 h - 2 scrolls of enchant weapon {unknown}
 l - a scroll of vulnerability {unknown}
 p - a scroll of silence {unknown}
 r - a scroll of noise {unknown}
 s - 2 scrolls of immolation {unknown}
 t - 2 scrolls of brand weapon {unknown}
 z - a scroll of amnesia {unknown}
Potions
 a - 3 potions of lignification
 d - 2 potions of curing
 i - a potion of cancellation
 m - a potion of heal wounds
 o - a potion of magic {unknown}
 q - a potion of mutation {unknown}
 u - a potion of haste {unknown}
 v - a potion of enlightenment {unknown}
 x - a potion of brilliance {unknown}
 A - a potion of might {unknown}


   Skills:
 + Level 3.1 Fighting
 - Level 2.0 Dodging
 + Level 4.3 Unarmed Combat
 * Level 4.8 Shapeshifting


You had 5 spell levels left.
You didn't know any spells.
Your spell library contained the following spells:

 Spells                   Type           Power      Damage    Failure   Level
 Necrotise                Necr           0%         1d4       26%         1
 Vampiric Draining        Necr           0%         2d6       63%         3
 Agony                    Necr           0%         N/A       100%        5


Dungeon Overview and Level Annotations

Branches:
Dungeon (5/15)             Temple (1/1) D:5

Altars:
Ashenzari
Cheibriados
Dithmenos
Elyvilon
Gozag
Hepliaklqana
Kikubaaqudgha
Makhleb
Nemelex Xobeh
Okawaru
Qazlal
Ru
Sif Muna
Trog
Uskayaw
Vehumet
Wu Jian
Xom
Yredelemnul
Zin
The Shining One


Innate Abilities, Weirdness & Mutations

You are a hulking beast.
Your limbs bulge with bestial killing power. (Slay +3)
You cannot wear most types of armour.
You are amphibious.
You can wear up to eight rings at the same time.
Your skin changes colour to match your surroundings (Stealth+).
Your rubbery body absorbs attacks. (AC +1, EV +1)
((You are camouflaged when in or above water. (Stealth+)))
You have tentacles for arms and can constrict up to eight enemies at once.


Message History

You feel sick.
You feel sick.
You are no longer poisoned.
HP restored.
You now have 72 gold pieces (gained 9).
Found a stone staircase leading up.
Found a scale mail.
You now have 86 gold pieces (gained 14).
You pick up a book of Necromancy and begin reading...
You add the spells Necrotise, Vampiric Draining and Agony to your library.
No target in view!
You open the large door.
Found an escape hatch in the floor.
Found a stone staircase leading up.
An orc comes into view.
It is wielding a +0 falchion and wearing a +7 chain mail of ponderousness.
An orc comes into view. It is wielding a +0 flail.
An orc priest comes into view. It is wielding a +0 dagger.
Found a sedimented ruby potion.
An orc priest comes into view. It is wielding a +0 flail.
The orc shouts!
You hear a shout!
An orc priest comes into view. It is wielding a +0 short sword.
The orc hits you with a +0 falchion.
As you read the scroll of fog, it dissolves into smoke.
The orc priest shouts!
You hear a shout!
You hear an angry hiss.
The orc closely misses you. The orc hits you with a +0 falchion.
The orc priest shouts!
You sock the orc! You burn the orc.
You kill the orc!
The orc completely misses you.
You sock the orc! You burn the orc.
You kill the orc!
A centaur comes into view.
The orc priest invokes the aid of Beogh against you.
Beogh smites you!
The orc priest mumbles some strange prayers to Beogh against you.
Beogh smites you!
The orc priest calls down the wrath of Beogh upon you.
Beogh smites you!
You die...
Your body crumbles into a pile of gold.

###.## ##.##
###
##.####.####
##..#.....##
##...<....##
##.
##........#.!..
$
#...§§§§.o....
#...§§§§.o..c.
#..§§h§o...#.
#....§§§..##
##...§§§.##
###§...##
####.. #.# ..
#.#


You could see an orc priest.

Vanquished Creatures
  A scorpion (Temple)
  2 howler monkeys (D:4)
  A sleepcap (D:4)
  4 adders
  A white imp (D:5)
  A worm (D:4)
  4 dart slugs
  16 orcs
  11 ball pythons
  5 bats
  5 endoplasms
  3 giant cockroaches
  11 goblins
  7 hobgoblins
  3 jackals (D:2)
  7 kobolds
  5 quokkas
  4 frilled lizards
  4 rats
95 creatures vanquished.

Notes
Turn   | Place    | Note
-------+----------+-------------------------------------------
     0 | D:1      | Bnni the Octopode Shapeshifter began the quest for the Orb.
     0 | D:1      | Reached XP level 1. HP: 13/13 MP: 1/1
   112 | D:1      | Reached XP level 2. HP: 15/18 MP: 2/2
   274 | D:1      | Reached XP level 3. HP: 23/23 MP: 3/3
   643 | D:2      | Identified the +7 quarterstaff of the Hills {flame, Contam
                  | rCorr Int+5}
   972 | D:2      | Reached XP level 4. HP: 26/29 MP: 4/4
  1039 | D:2      | Found a faded altar of an unknown god.
  1622 | D:3      | Found a glowing golden altar of the Shining One.
  1623 | D:3      | Found a burning altar of Makhleb.
  2124 | D:4      | Reached XP level 5. HP: 34/34 MP: 5/5
  2240 | D:4      | Found a white marble altar of Elyvilon.
  2249 | D:4      | Reached XP level 6. HP: 41/41 MP: 6/6
  2330 | D:4      | Found a snail-covered altar of Cheibriados.
  2564 | D:5      | Entered Level 5 of the Dungeon
  2637 | D:5      | Found a staircase to the Ecumenical Temple.
  2645 | Temple   | Entered the Ecumenical Temple
  2651 | Temple   | Became a worshipper of Gozag Ym Sagoz the Greedy
  2743 | D:5      | Found a hazy altar of Hepliaklqana.
  2877 | D:5      | Killed from afar by an orc priest

Illustrated notes

Levels and vault maps discovered:
D:1:      dpeg_arrival_long_road, layout_loops_ring, serial_glass,
          glass_columns_a, glass_columns_c, st_stairs_4, serial_bayou_lagoon_b
D:2:      layout_loops_cross, shapermc_ecumenical_altar_mp_urbaneastern,
          minmay_misc_feat_tower
D:3:      layout_basic, mainiacjoe_overflow_divided_tiny, chequers_big_river,
          serial_bayou_ford_a
D:4:      layout_rooms, nicolae_elyvilon_peaceful_grove, kennysheep_slug_shrine,
          corner_web_ring
D:5:      layout_cave_pods, general_overflow_altar, minmay_temple_entry_trees,
          serial_shops, nicolae_shop_statue_plus, grunt_ministairs_8,
          uniq_crazy_yiuf_cottage, uniq_ijyb, uniq_blork_the_orc
Temple:   nicolae_temple_bog_church

Skill      XL: |  1  2  3  4  5  6 |
---------------+-------------------+-----
Fighting       | 2 3 |  3.1
Shapeshifting  | 4 |  4.8
Unarmed Combat | 4 |  4.3
Dodging        | |  2.0

Action                     |  1- 3 |  4- 6 || total
---------------------------+-------+-------++-------
  Melee: Unarmed           |    46 |       ||    46
         Constrict         |    14 |    13 ||    27
         Tentacles         |    10 |    10 ||    20
         Punch             |     1 |     1 ||     2
         Quarterstaff      |    16 |    74 ||    90
    Use: Scroll            |       |     6 ||     6
   Stab: Sleeping          |     9 |     8 ||    17
 Armour: Skin              |     4 |     3 ||     7
  Dodge: Dodged            |    23 |    48 ||    71

Table legend: (Time is in decaauts)
 A = Elapsed time spent in this place.
 B = Non-inter-level travel time spent in this place.
 C = Inter-level travel time spent in this place.
 D = Time resting spent in this place.
 E = Time spent auto-exploring this place.
 F = Levels seen in this place.
 G = Mean time per level.
                   A        B        C        D        E       F      G
               +--------+--------+--------+--------+--------+-----+--------+
         Total |   2898 |   2788 |    110 |    100 |   2142 |   6 |  483.0 |
       Dungeon |   2882 |   2772 |    110 |    100 |   2142 |   5 |  576.4 |
        Temple |     16 |     16 |      0 |      0 |      0 |   1 |   16.0 |
               +--------+--------+--------+--------+--------+-----+--------+

Top non-repeatable levels by time:
     D:2: 845 daAuts
     D:3: 587 daAuts
     D:1: 586 daAuts
     D:4: 562 daAuts
     D:5: 299 daAuts
  Temple: 16 daAuts
